 Dungeon Crawl Stone Soup version 0.15-a0-1646-g393eda0 (webtiles) character file.

60 Nikss the Firebug (level 3, -2/25 HPs)
             Began as a Demonspawn Fire Elementalist on June 22, 2014.
             Slain by a worm (4 damage)
             ... on Level 3 of the Dungeon.
             The game lasted 00:23:15 (3125 turns).

Nikss the Firebug (Demonspawn Fire Elementalist)    Turns: 3125, Time: 00:23:15

HP  -2/25        AC  7     Str  9      XL: 3   Next: 82%
MP   6/6         EV 11     Int 16      God:
Gold 78          SH  3     Dex 13      Spells:  1 memorised,  6 levels left

rFire  . . .     SeeInvis .     d - -1 short sword (curse)
rCold  . . .     Clarity  .     a - +0 robe
rNeg   . . .     rCorr    .     x - +0 buckler
rPois  .         rRot     .     (no helmet)
rElec  .         Spirit   .     (no cloak)
SustAb .         Warding  .     (no gloves)
rMut   .         Stasis   .     g - +0 pair of boots
Gourm  .                        m - amulet of faith
MR     .....                    (no ring)
                                r - ring of wizardry

@: starving, not resistant to hostile enchantments, unstealthy
A: iridescent scales 1
a: no special abilities


You were on level 3 of the Dungeon.
You were starving.

You visited 1 branch of the dungeon, and saw 3 of its levels.

You collected 78 gold pieces.

Inventory:

Hand weapons
 d - a cursed -1 short sword (weapon)
 i - a +0 dagger
 l - a +0 whip
 n - a +0 hand axe
 q - a +0 club
 s - a +0 dagger
 t - a +0 club
 v - a +0 dagger
 z - a +0 dagger
 A - a +2 sling
 B - a +0 club
 D - a +0 club
 F - a +0 club
 G - a +0 club
Missiles
 e - 39 sling bullets
 f - 13 poisoned needles
 h - 108 stones (quivered)
 j - 71 arrows
 k - 12 bolts
Armour
 a - a +0 robe (worn)
 g - a +0 pair of boots (worn)
 p - an ice dragon hide
 u - a +0 robe
 x - a +0 buckler (worn)
 C - a +0 ring mail
Comestibles
 c - a bread ration
 E - a meat ration
Scrolls
 o - a scroll of identify
 w - a scroll of recharging
Jewellery
 m - an amulet of faith (around neck)
 r - a ring of wizardry (left hand)
 y - an uncursed ring of teleport control
Books
 b - a book of Flames

   Spells                             Type                      Level
   *Flame Tongue                      Conjuration/Fire             1
   Throw Flame                        Conjuration/Fire             2
   Conjure Flame                      Conjuration/Fire             3
   Inner Flame                        Hexes/Fire                   3
   Sticky Flame                       Conjuration/Fire             4
   Fireball                           Conjuration/Fire             5


   Skills:
 + Level 0.6 Fighting
 + Level 0.5 Short Blades
 + Level 2.1 Dodging
 + Level 2.1 Stealth
 + Level 0.1 Shields
 + Level 2.6 Spellcasting
 + Level 1.6 Conjurations
 + Level 2.9 Fire Magic


You had 6 spell levels left.
You knew the following spells:

 Your Spells              Type           Power        Failure   Level  Hunger
a - Flame Tongue          Conj/Fire      #....        4%          1    #......


Dungeon Overview and Level Annotations

Branches:
Dungeon (3/15)

Altars:
Fedhas
Gozag
Sif Muna
Vehumet


Innate Abilities, Weirdness & Mutations

You are partially covered in iridescent scales (AC +4).


Message History

You hit the worm.
The worm is heavily wounded.
You hit the worm.
The worm is severely wounded.
The worm closely misses you.
You hit the worm but do no damage.
The worm is heavily wounded.
The worm bites you.
* * * LOW HITPOINT WARNING * * *
You hit the worm but do no damage.
The worm is heavily wounded.
You barely miss the worm.
The worm is heavily wounded.
The worm barely misses you.
You hit the worm but do no damage.
The worm is heavily wounded.
You hit the worm but do no damage.
The worm is heavily wounded.
The worm bites you.
You die...

####
#<.#
##.# #.#
#.##.#
#..w@#
#....###
......
#####


You could see a worm.

Vanquished Creatures
  A hound skeleton (D:2)
  An adder (D:2)
  2 giant geckos
  2 giant cockroaches (D:1)
  5 hobgoblins (D:2)
  4 jackals
  4 kobolds
  2 ball pythons
  6 bats
  4 goblins
  4 rats
35 creatures vanquished.

Notes
Turn   | Place    | Note
--------------------------------------------------------------
     0 | D:1      | Nikss, the Demonspawn Fire Elementalist, began the quest for the Orb.
     0 | D:1      | Reached XP level 1. HP: 13/13 MP: 3/3
   360 | D:1      | Gained mutation: You are partially covered in iridescent scales (AC +4). [demonic ancestry]
   360 | D:1      | Reached XP level 2. HP: 7/19 MP: 1/4
  1168 | D:2      | Found an opulent altar of Gozag.
  1170 | D:2      | Found a radiant altar of Vehumet.
  1198 | D:2      | Found a blossoming altar of Fedhas.
  1199 | D:2      | Found a deep blue altar of Sif Muna.
  1616 | D:2      | Reached XP level 3. HP: 24/24 MP: 2/6
  3007 | D:1      | You fall through a shaft!
  3121 | D:3      | HP: 1/25 [worm (1)]
  3125 | D:3      | Slain by a worm

Action                   || total
-------------------------++-------
Melee: Short sword       ||    90
 Cast: Flame Tongue      ||    52
  Use: Scroll            ||     4
       Potion            ||     3
 Stab: Sleeping          ||     1
